 Dungeon Crawl Stone Soup version 0.30.0-5-g1a98f26d00 (webtiles) character file.

Game seed: 17253407876113542018

156 hawla the Firebug (level 5, -1/38 HPs)
             Began as a Meteoran Fire Elementalist on May 12, 2023.
             Succumbed to a gnoll's poison
             ... on level 4 of the Dungeon.
             The game lasted 00:03:41 (599 turns).

hawla the Firebug (Meteoran Fire Elementalist)       Turns: 599, Time: 00:03:42

Health: -1/38      AC:  6    Str: 10    XL:     5   Next: 98%
Magic:  2/10       EV: 12    Int: 18    God:
Gold:   104        SH:  0    Dex: 14    Spells: 3/10 levels left

rFire   . . .        f - +0 quarterstaff
rCold   . . .        (shield currently unavailable)
rNeg    . . .        a - +0 robe
rPois   .            (helmet restricted)
rElec   .            h - +1 cloak
rCorr   .            (no gloves)
SInv    .            (no boots)
Will    .....        (no amulet)
Stlth   +            (no ring)
HPRegen 0.26/turn    (no ring)
MPRegen 0.12/turn

%: no passive effects
@: lethally poisoned (-1 -> -34), glowing
A: sense surroundings 1, otherworldly, glowing, explore regen, beak, iridescent
scales 1
a: no special abilities


You were on level 4 of the Dungeon.
You visited 1 branch of the dungeon, and saw 4 of its levels.

You collected 104 gold pieces.

Inventory:

Hand Weapons
 f - a +0 quarterstaff (weapon)
Armour
 a - a +0 robe (worn)
 h - a +1 cloak (worn)
Jewellery
 j - a +5 ring of evasion
Wands
 g - a wand of polymorph (8) (quivered)
Scrolls
 c - a scroll of enchant weapon {unknown}
 e - a scroll of identify {unknown}
 i - a scroll of blinking {unknown}
Potions
 k - a potion of mutation


   Skills:
 - Level 2.1 Staves
 - Level 2.6 Dodging
 - Level 1.4 Stealth
 - Level 3.0 Spellcasting
 + Level 3.5 Conjurations
 - Level 4.2 Fire Magic
 - Level 3.0 Evocations


You had 3 spell levels left.
You knew the following spells:

 Your Spells              Type           Power      Damage    Failure   Level
a - Foxfire               Conj/Fire      64%        2x1d7     3%          1
b - Scorch                Fire           34%        2d6       4%          2
c - Flame Wave            Conj/Fire      16%        2d7       32%         4

Your spell library contained the following spells:

 Spells                   Type           Power      Damage    Failure   Level
 Inner Flame              Hex/Fire       10%        N/A       21%         3
 Volatile Blastmotes      Fire/Tloc      20%        2d11      21%         3


Dungeon Overview and Level Annotations

Branches:
Dungeon (4/15) Zot: 1795
 Temple: D:4-7

Altars:


Innate Abilities, Weirdness & Mutations

You passively map a small area around you.
You are easily found by Zot.
You glow in the dark.
You regain HP and MP as you explore.
You have a beak for a mouth.
You are partially covered in iridescent scales. (AC +2)


Message History

Casting: Scorch (safe; 4% risk of failure)
Confirm with . or Enter, or press ? or * to list all spells.
Flames lash the gnoll.
The gnoll is heavily wounded.
The gnoll's fire resistance burns away.
You hear a shout!
The gnoll hits you with a +0 flail!
Casting: Scorch (safe; 4% risk of failure)
Confirm with . or Enter, or press ? or * to list all spells.
Flames lash the gnoll.
The gnoll is burned terribly!
You kill the gnoll!
A gnoll comes into view. It is wielding a +0 spear of venom.
A gnoll comes into view. It is wielding a +2 flail of draining.
There is an open door here.
Casting: Scorch (safe; 4% risk of failure)
Confirm with . or Enter, or press ? or * to list all spells.
Flames lash the gnoll.
The gnoll is heavily wounded.
The gnoll's fire resistance burns away.
The gnoll hits you but does no damage.
You are poisoned.
Casting: Scorch (safe; 4% risk of failure)
Confirm with . or Enter, or press ? or * to list all spells.
Flames lash the gnoll.
The gnoll is heavily wounded.
The gnoll's fire resistance burns away.
You feel sick.
The gnoll hits you from afar with a +0 spear of venom!
You are lethally poisoned!
Casting: Scorch (safe; 4% risk of failure)
Confirm with . or Enter, or press ? or * to list all spells.
You conjure some foxfire!
* * * LOW HITPOINT WARNING * * *
You feel very sick.
The gnoll hits you from afar with a +0 spear of venom.
* * * LOW HITPOINT WARNING * * *
You are more poisoned.
It was a potion of mutation.
You feel extremely strange.
Iridescent scales grow over part of your body.
You feel stronger.
You feel weaker.
Your mouth lengthens and hardens into a beak!
You die...

# ####........#######
###############..................
#................................
..###.........#....#############.
.## #.#######.###### #. .####.# ,
,#.########### #. ....#.# *
,#.#.........########. ###.#.#, ,
#.#.v..........)..##. * #.# ,
,#.#.@gg........)..... #.# *
#.#.v.............### * #.# *
.#.........#'#...# ,
#.........#.#.#.# *
###########.#.#.# ###.# * * *
#g#[#)## ....#** #......# ##### ,
###.#### ....# ,,, , ,* #g#####


You could see 2 gnolls.

Vanquished Creatures
  A scorpion (D:4)
  An orc priest (D:4)
  3 adders (D:4)
  A gnoll (D:4)
  A worm (D:2)
  A dart slug (D:2)
  2 orcs (D:4)
  An endoplasm (D:4)
  3 goblins
  2 hobgoblins
  4 kobolds
  2 quokkas (D:4)
  A ball python (D:2)
  A rat (D:3)
24 creatures vanquished.

Vanquished Creatures (collateral kills)
  5 foxfires (D:2)
5 creatures vanquished.

Vanquished Creatures (others)
  50 foxfires
50 creatures vanquished.

Grand Total: 79 creatures vanquished

Notes
Turn   | Place    | Note
-------+----------+-------------------------------------------
     0 | D:1      | hawla the Meteoran Fire Elementalist began the quest for
                  | the Orb.
     0 | D:1      | Reached XP level 1. HP: 14/14 MP: 5/5
   177 | D:2      | Reached skill level 4 in Fire Magic
   177 | D:2      | Reached XP level 2. HP: 20/20 MP: 4/7
   288 | D:3      | Reached XP level 3. HP: 26/26 MP: 8/8
   291 | D:3      | Learned a level 2 spell: Scorch
   311 | D:4      | Reached skill level 1 in Evocations
   536 | D:4      | Reached skill level 1 in Staves
   536 | D:4      | Reached XP level 4. HP: 22/33 MP: 3/9
   547 | D:4      | Reached XP level 5. HP: 27/38 MP: 0/10
   552 | D:4      | Learned a level 4 spell: Flame Wave
   599 | D:4      | Gained mutation: You are partially covered in iridescent
                  | scales. (AC +2) [potion of mutation]
   599 | D:4      | Gained mutation: Your muscles are strong. (Str +4, Int/Dex
                  | -1) [potion of mutation]
   599 | D:4      | Lost mutation: Your muscles are strong. (Str +4, Int/Dex
                  | -1) [potion of mutation]
   599 | D:4      | Gained mutation: You have a beak for a mouth. [potion of
                  | mutation]
   599 | D:4      | Succumbed to a gnoll's poison

Illustrated notes

Levels and vault maps discovered:
D:1:      noname_arrival_rooms_in_the_neighbourhood, layout_basic,
          shapermc_ecumenical_altar_pompeii, serial_shops, shop,
          hangedman_feature_mirror
D:2:      layout_loops_corners, guppyfry_early_lair_pool
D:3:      layout_rooms, lightli_temple_of_fire
D:4:      layout_basic, chei_slow_surprise

Skill      XL: |  1  2  3  4  5 |
---------------+----------------+-----
Spellcasting   | 3 |  3.0
Fire Magic     | 4 |  4.2
Evocations     | 3 |  3.0
Staves         | 1 2 |  2.1
Conjurations   | 3 |  3.5
Dodging        | |  2.6
Stealth        | |  1.4

Action                     |  1- 3 |  4- 6 || total
---------------------------+-------+-------++-------
  Melee: Unarmed           |     1 |       ||     1
         Quarterstaff      |    13 |     6 ||    19
   Cast: Foxfire           |    27 |     6 ||    33
         Scorch            |     5 |     7 ||    12
    Use: Potion            |       |     4 ||     4
 Armour: Robe              |     6 |     5 ||    11
  Dodge: Dodged            |    15 |     4 ||    19
